 Dungeon Crawl Stone Soup version 0.25.1-2-g60ff931df9 (webtiles) character file.

Game seed: 2159005690901472037

220 hawla the Skirmisher (level 5, -1/72 HPs)
             Began as a Minotaur Fighter on Oct 24, 2020.
             Slain by an orc wizard
             ... wielding a +0 dagger
              (5 damage)
             ... on level 4 of the Dungeon.
             The game lasted 00:07:41 (3438 turns).

hawla the Skirmisher (Minotaur Fighter)             Turns: 3438, Time: 00:07:41

Health: -1/72      AC:  4    Str: 22    XL:     5   Next: 64%
Magic:  4/4        EV: 16    Int:  5    God:
Gold:   143        SH:  0    Dex:  9    Spells: 4/4 levels left

rFire    . . .     SeeInvis .   a - +1 long sword
rCold    . . .     Gourm    .   (no shield)
rNeg     . . .     Faith    .   l - +0 leather armour
rPois    .         Spirit   .   (helmet restricted)
rElec    .         Reflect  .   (no cloak)
rCorr    .         Harm     .   h - +0 pair of gloves
MR       .....                  (no boots)
Stlth    ..........             (no amulet)
HPRegen  0.22/turn              (no ring)
MPRegen  0.09/turn              r - +4 ring of evasion

@: confused, berserking (expiring), very quick
A: retaliatory headbutt, horns 2
a: no special abilities


You were on level 4 of the Dungeon.
You were not hungry.

You visited 1 branch of the dungeon, and saw 4 of its levels.

You collected 143 gold pieces.

Inventory:

Hand Weapons
 a - a +1 long sword (weapon)
Missiles
 n - 13 poisoned darts (quivered)
 v - 8 boomerangs
Armour
 b - a +1 scale mail
 e - a +0 chain mail
 h - a +0 pair of gloves (worn)
 l - a +0 leather armour (worn)
 m - a +0 ring mail
Jewellery
 g - an uncursed ring of resist corrosion
 r - a +4 ring of evasion (right hand)
Scrolls
 c - a scroll of magic mapping
 i - 2 scrolls of enchant weapon
 k - a scroll of teleportation
 o - a scroll of remove curse
 p - a scroll of identify
Potions
 d - a potion of might
 j - a potion of mutation
 s - a potion of flight
Comestibles
 f - 8 rations
 q - 8 chunks of flesh


   Skills:
 + Level 5.0 Fighting
 + Level 4.3 Long Blades
 + Level 4.2 Armour
 * Level 2.5 Dodging
 + Level 1.4 Stealth
   Level 3.6 Shields


You had 4 spell levels left.
You didn't know any spells.
Your spell library was empty.

Dungeon Overview and Level Annotations

Branches:
Dungeon (4/15)
 Temple: D:4-7

Altars:
Ashenzari
Beogh

Annotations:
D:3 3 runed translucent doors, pokeman's ghost, amateur DEWz


Innate Abilities, Weirdness & Mutations

You reflexively headbutt those who attack you in melee.
You have a pair of horns on your head.


Message History

* * * LOW HITPOINT WARNING * * *
You hit the orc wizard. Your headbutt misses the orc wizard.
The orc wizard is lightly wounded.
The orc wizard hits you but does no damage.
You barely miss the orc wizard. Your headbutt misses the orc wizard.
The orc wizard is lightly wounded.
The orc wizard misses you. The orc priest closely misses you.
The orc wizard hits you but does no damage.
You barely miss the orc wizard. The orc wizard misses you. x2
You barely miss the orc wizard. You miss the orc wizard.
Your headbutt misses the orc wizard. The orc closely misses you.
The orc wizard casts a spell at you. The magic dart hits you!
* * * LOW HITPOINT WARNING * * *
You're too confused to move!
The orc hits you but does no damage.
The orc priest calls upon Beogh to heal the orc wizard.
The orc wizard's wounds heal themselves!
The orc wizard hits you with a +0 dagger.
You die...

###### #....# #....#
#....#
.#########..รท.###########
.'.>...oo'...?'..........
.##...oo@#....########...
.......#o#....# #...
###..#.#.#....# #...
........#####.. #...
.......### ... #...
##..#.. ... #... ...... ..
#... ######+# +.......


You could see an orc priest, 2 orc wizards and 2 orcs.

Vanquished Creatures
  An orc wizard (D:3)
  A worker ant (D:4)
  5 adders
  3 oozes
  4 worms
  3 dart slugs
  4 leopard geckos
  8 orcs (D:3)
  7 bats
  4 giant cockroaches
  9 goblins
  9 hobgoblins
  6 jackals
  4 kobolds
  A quokka (D:3)
  4 frilled lizards
  6 rats
  A plant (D:1)
80 creatures vanquished.

Notes
Turn   | Place    | Note
-------+----------+-------------------------------------------
     0 | D:1      | hawla the Minotaur Fighter began the quest for the Orb.
     0 | D:1      | Reached XP level 1. HP: 19/19 MP: 0/0
   414 | D:1      | You fall into a shaft and drop 1 floor!
   453 | D:2      | Reached skill level 4 in Fighting
   453 | D:2      | Reached XP level 2. HP: 27/27 MP: 1/1
   514 | D:1      | Reached skill level 1 in Dodging
   771 | D:1      | Reached XP level 3. HP: 34/34 MP: 2/2
  1408 | D:2      | Found a shattered altar of Ashenzari.
  2151 | D:3      | Reached XP level 4. HP: 41/41 MP: 3/3
  2730 | D:3      | Reached skill level 1 in Stealth
  2730 | D:3      | Reached XP level 5. HP: 47/47 MP: 4/4
  3154 | D:3      | Found a runed translucent gate.
  3154 | D:3      | Found a runed translucent gate.
  3169 | D:3      | Found a runed translucent gate.
  3171 | D:3      | Noticed pokeman's ghost (amateur DEWz)
  3174 | D:3      | Found a roughly hewn altar of Beogh.
  3245 | D:4      | Reached skill level 5 in Fighting
  3438 | D:4      | Slain by an orc wizard

Illustrated notes

Levels and vault maps discovered:
D:1:      matt_arrival_refuge, layout_loops_ring, serial_forest,
          infiniplex_forest_clump_diagonal, infiniplex_forest_end_double,
          infiniplex_forest_clump_medium, infiniplex_forest_lined_room_2,
          infiniplex_forest_end_2, infiniplex_forest_lined_2,
          infiniplex_forest_clump_double, infiniplex_forest_clump_small
D:2:      layout_loops_ring, ashenzari_conservatory_becter
D:3:      layout_loops_ring, biasface_ghost_orc_armoury
D:4:      layout_basic, nicolae_ru_sacrificial_ziggurat, first_ration

Skill      XL: |  1  2  3  4  5 |
---------------+----------------+-----
Fighting       | 4 5 |  5.0
Dodging        | 1 2 |  2.5
Armour         | 4 |  4.2
Long Blades    | 3 4 |  4.3
Stealth        | 1 |  1.4
Shields        | |  3.6

Action                   |  1- 3 |  4- 6 || total
-------------------------+-------+-------++-------
Melee: Long sword        |    72 |    67 ||   139
       Headbutt          |    19 |     7 ||    26
  Use: Scroll            |     8 |     4 ||    12
       Potion            |       |     2 ||     2
 Stab: Sleeping          |     1 |     3 ||     4
  Eat: Chunk             |     3 |     5 ||     8
Armor: Skin              |     1 |       ||     1
       Robe              |       |     2 ||     2
       Leather armour    |       |     5 ||     5
Dodge: Dodged            |    47 |    69 ||   116
       Rpst.: Long sword |    17 |    16 ||    33
